 Dungeon Crawl Stone Soup version 0.31.0-32-g396128a36d (webtiles) character file.

Game seed: 3270010788190215168

12386 AlexRAT the Cleaver (level 11, 0/104 HPs)
             Began as a Minotaur Chaos Knight on Mar 27, 2024.
             Was a Plaything of Xom.
             Incinerated by a deep elf pyromancer (23 damage)
             ... with a pyre arrow
             ... on level 9 of the Dungeon.
             The game lasted 00:18:44 (10227 turns).

AlexRAT the Cleaver (Minotaur Chaos Knight)        Turns: 10227, Time: 00:18:44

Health: 0/104      AC: 20    Str: 20 (21) XL:     11   Next: 61%
Magic:  10/10      EV: 10    Int:  9      God:    Xom [...*..]
Gold:   678        SH: 20    Dex: 15      Spells: 10/10 levels left

rFire   . . .        A - +4 mace "Romovos" {venom, Dex+5}
rCold   + + .        x - +0 tower shield
rNeg    + . .        I - +5 chain mail of Qiups {rC+ rN+}
rPois   +            (helmet restricted)
rElec   .            t - +0 cloak
rCorr   .            b - +0 pair of gloves
SInv    +            (no boots)
Will    .....        w - amulet of reflection Stlth
                     m - ring of protection from cold
HPRegen 0.37/turn    R - +4 ring of protection
MPRegen 0.12/turn

%: reflection
@: on fire, glowing
A: horns 2, retaliatory headbutt, talons 1, large bone plates 1, see invisible,
deformed body, deterioration 1, poison resistance, MP-powered wands, sturdy
frame 1
a: Renounce Religion


You were on level 9 of the Dungeon.
You worshipped Xom.
You were a favourite toy of Xom.
You visited 2 branches of the dungeon, and saw 12 of its levels.
You also visited: Sewer.

You collected 678 gold pieces.

Inventory:

Hand Weapons
 a - a +0 hand axe of chaos
 y - a +0 war axe of electrocution
 A - the +4 mace "Romovos" (weapon) {venom, Dex+5}
   (You found it on level 5 of the Dungeon)

   Dex+5:     It affects your dexterity (+5).
Missiles
 H - a throwing net (quivered)
Armour
 b - a +0 pair of gloves (worn)
 j - a +2 chain mail of poison resistance
 t - a +0 cloak (worn)
 x - a +0 tower shield (worn)
 I - the +5 chain mail of Qiups (worn) {rC+ rN+}
   (You found it on level 7 of the Dungeon)

   rC+:       It protects you from cold.
   rN+:       It protects you from negative energy.
 U - the +0 chain mail "Ceidghask" {rC+ rCorr SInv Stlth+}
   (You found it on level 11 of the Dungeon)

   rC+:       It protects you from cold.
   SInv:      It lets you see invisible.
   rCorr:     It protects you from acid and corrosion.
   Stlth+:    It makes you more stealthy.
Jewellery
 m - a ring of protection from cold (left hand)
 q - a ring of flight
 w - an amulet of reflection (around neck)
 R - a +4 ring of protection (right hand)
Wands
 D - a wand of flame (55)
 E - a wand of polymorph (44)
 F - a wand of roots (9)
 G - a wand of paralysis (3)
 N - a wand of digging (3)
 Q - a wand of quicksilver (2)
Scrolls
 c - 3 scrolls of butterflies
 d - 2 scrolls of revelation
 f - 2 scrolls of brand weapon
 i - 2 scrolls of poison
 k - 3 scrolls of enchant armour
 l - 2 scrolls of enchant weapon
 r - 3 scrolls of fear
 u - 2 scrolls of amnesia
 z - 8 scrolls of teleportation
 B - 3 scrolls of fog
 C - a scroll of vulnerability
 P - a scroll of torment
Potions
 e - 2 potions of resistance
 g - 2 potions of haste
 h - a potion of ambrosia {unknown}
 o - a potion of brilliance {unknown}
 p - a potion of cancellation {unknown}
 s - 3 potions of mutation {unknown}
 v - 5 potions of heal wounds {unknown}
 J - a potion of degeneration {unknown}
 K - 2 potions of berserk rage
 L - 4 potions of curing
 M - a potion of lignification {unknown}
 O - a potion of enlightenment


   Skills:
 + Level 11.8 Fighting
 + Level 11.8 Axes
 + Level 11.4 Armour
 + Level 10.3 Dodging


You had 10 spell levels left.
You didn't know any spells.
Your spell library contained the following spells:

 Spells                   Type           Power      Damage    Failure   Level
 Sandblast                Erth           0%         2d4       100%        1
 Sting                    Conj/Alch      0%         1d3       100%        1
 Blink                    Tloc           0%         N/A       100%        2
 Lesser Beckoning         Tloc           0%         N/A       100%        2
 Mercury Vapours          Alch/Air       0%         N/A       100%        2
 Momentum Strike          Conj/Tloc      0%         3d8       100%        2
 Frozen Ramparts          Ice            0%         1d1       100%        3
 Passwall                 Erth           0%         N/A       100%        3
 Stone Arrow              Conj/Erth      0%         3d7       100%        3
 Brom's Barrelling Bould  Conj/Erth      0%         2d3       100%        4
 Leda's Liquefaction      Alch/Erth      0%         N/A       100%        4
 Olgreb's Toxic Radiance  Alch           0%         N/A       100%        4
 Petrify                  Alch/Erth      0%         N/A       100%        4
 Metabolic Englaciation   Hex/Ice        0%         N/A       100%        5


Dungeon Overview and Level Annotations

Branches:
Dungeon (11/15)            Temple (0/1) D:5            Lair (0/5) D:11
    Orc (1/2) D:9           Sewer (visited)

Altars:
Cheibriados
Fedhas
Hepliaklqana
Kikubaaqudgha
Makhleb
Ru
Sif Muna
Uskayaw
Xom
Yredelemnul
The Shining One

Shops:
D:7 =

Annotations:
D:9 1 transporter


Innate Abilities, Weirdness & Mutations

You have a pair of horns on your head.
You reflexively headbutt those who attack you in melee.
You have sharp toenails.
You are partially covered in large bone plates. (SH +4)
You have supernaturally acute eyesight. (SInv)
Armour fits poorly on your strangely shaped body.
Your body sometimes deteriorates upon taking damage.
Your system is resistant to poisons. (rPois)
You expend magic power (3 MP) to strengthen your wands.
Your movements are slightly less encumbered by armour. (ER -2)


Message History

You block the fire elemental's attack. The fire elemental hits you.
The fire elemental burns you! The fire elemental misses you.
You furiously retaliate!
You headbutt the fire elemental, but do no damage.
The deep elf zephyrmancer casts a spell at you.
The bolt of lightning hits the fire elemental!
The fire elemental resists.
The bolt of lightning misses you.
You hear a shout!
The deep elf pyromancer casts a spell.
The deep elf pyromancer hits you but does no damage.
The deep elf zephyrmancer casts a spell at you.
The bolt of lightning misses the fire elemental.
The bolt of lightning misses you.
You hear a shout!
The deep elf pyromancer casts a spell.
The deep elf pyromancer blinks!
You block the deep elf pyromancer's attack.
You block the fire elemental's attack.
The deep elf pyromancer mumbles some strange words.
The deep elf pyromancer blinks!
The deep elf zephyrmancer casts a spell.
The deep elf zephyrmancer blinks!
There is a staircase back to the Dungeon here.
You block the fire elemental's attack.
The deep elf pyromancer points at you and mumbles some strange words.
The pyre arrow hits you.
You are covered in intense liquid fire!
You block the fire elemental's attack. The fire elemental barely misses you.
You shake off some of the fire as you move.
You climb upwards.
Welcome back to the Dungeon!
The fire elemental disappears in a puff of smoke! x3
Level annotation: 1 transporter The liquid fire burns you!
* * * LOW HITPOINT WARNING * * *
There is a staircase to the Orcish Mines here.
You sock the deep elf pyromancer!
The deep elf pyromancer looks as sick as possible!
The deep elf pyromancer is almost dead.
The liquid fire burns you!
You die...

#.##.......## #)##.#......(
#)##.#....... #)##.#.......
#.##.......## #.######...##
#.# #..... ### #.#### #.....
####@####....# #.....
####....e).####.# #.....
###.............### #.....
##....#.......#....###.....
##....###.....###....##.....
#.....###.8.8.###..8..#....#
##......#.......#......##...#
#..#.#..#..#+#..#..#'#..#....
#.##.##.#.##.##.#.##[##.#....


You could see a deep elf pyromancer (extremely poisoned).

Vanquished Creatures
  A vault guard (D:11)
  A two-headed ogre (D:9)
  A fire crab (D:11)
  A deep elf zephyrmancer (D:9)
  A manticore (D:11)
  Jeremiah (D:6)
  An unseen horror (D:10)
  3 trolls
  A hornet (D:11)
  A slime creature (D:11)
  A shadow (D:11)
  Sigmund (D:6)
  A wraith (D:11)
  12 yaks
  A vampire (D:11)
  A warg (D:9)
  Menkaure (D:6)
  An acid dragon (D:8)
  8 water moccasins
  3 ice beasts
  4 orc warriors (D:9)
  3 sky beasts
  A black bear (D:4)
  An ogre (Orc:1)
  3 centaurs
  2 kobold brigands
  3 scorpions
  3 bullfrogs
  14 wights
  8 howler monkeys
  2 electric eels (D:11)
  6 hounds
  4 jellies
  3 bombardier beetles
  7 orc priests
  Crazy Yiuf (D:3)
  2 gnoll boudas
  Terence (D:2)
  A sleepcap (D:8)
  2 iguanas (D:5)
  9 orc wizards
  10 gnolls
  27 adders
  4 river rats
  2 shadow imps
  2 white imps (D:5)
  2 dart slugs
  2 ribbon worms
  23 orcs
  A bat (D:2)
  7 endoplasms
  3 giant cockroaches
  3 goblins
  4 hobgoblins
  3 jackals (D:2)
  4 quokkas
  11 ball pythons
  3 frilled lizards
  12 kobolds
  27 rats
272 creatures vanquished.

Vanquished Creatures (collateral kills)
  Maggie (D:7)
  A water moccasin (D:11)
  A hound (D:7)
  A gnoll (D:7)
4 creatures vanquished.

Vanquished Creatures (others)
  An adder (D:11)
  A giant cockroach zombie (D:4)
  An orc zombie (D:3)
3 creatures vanquished.

Grand Total: 279 creatures vanquished

Notes
Turn   | Place    | Note
-------+----------+-------------------------------------------
     0 | D:1      | AlexRAT the Minotaur Chaos Knight began the quest for the
                  | Orb.
     0 | D:1      | Reached XP level 1. HP: 19/19 MP: 0/0
     1 | D:1      | You fall into a shaft and drop 1 floor!
     2 | D:2      | Found a faded altar of an unknown god.
    19 | D:2      | XOM: silly message
    61 | D:2      | Reached XP level 2. HP: 25/27 MP: 1/1
   181 | D:2      | Reached XP level 3. HP: 30/33 MP: 2/2
   359 | D:2      | Noticed Terence
   370 | D:2      | Killed Terence
   371 | D:2      | Reached XP level 4. HP: 22/41 MP: 3/3
   502 | D:2      | XOM: divination: detect items
   969 | D:3      | XOM: give mutations
   969 | D:3      | Gained mutation: You are strong-willed. (Will+) [Xom's
                  | grace]
   969 | D:3      | Gained mutation: Your movements are slightly less
                  | encumbered by armour. (ER -2) [Xom's grace]
  1074 | D:3      | Found a glowing drain.
  1096 | Sewer    | Entered a sewer
  1117 | Sewer    | Reached XP level 5. HP: 47/47 MP: 4/4
  1316 | Sewer    | XOM: scenery: summon butterflies
  1326 | Sewer    | Reached skill level 5 in Fighting
  1326 | Sewer    | Reached skill level 5 in Axes
  1326 | Sewer    | XOM: polymorph butterfly -> ball python
  1330 | Sewer    | Reached XP level 6. HP: 19/56 MP: 5/5
  1355 | Sewer    | XOM: draining
  1566 | D:3      | Found a runed translucent door.
  1567 | D:3      | Noticed Crazy Yiuf
  1598 | D:3      | XOM: silly message
  1643 | D:3      | Killed Crazy Yiuf
  2355 | D:3      | XOM: summons 4 hostile demons
  2356 | D:3      | Noticed a sun demon
  2565 | D:4      | Reached skill level 5 in Armour
  2565 | D:4      | Reached XP level 7. HP: 51/62 MP: 6/6
  2586 | D:4      | XOM: give mutation
  2586 | D:4      | Gained mutation: You are partially covered in large bone
                  | plates. (SH +4) [Xom's mischief]
  2818 | D:4      | Found a burning altar of Makhleb.
  2933 | D:5      | Entered Level 5 of the Dungeon
  2960 | D:5      | XOM: cleaving
  2963 | D:5      | XOM: fog
  2971 | D:5      | Reached skill level 5 in Dodging
  2973 | D:5      | Reached XP level 8. HP: 59/71 MP: 7/7
  3046 | D:5      | XOM: cloud trail
  3060 | D:5      | Identified the +4 mace "Romovos" {venom, Dex+5}
  3230 | D:5      | XOM: fog
  3314 | D:5      | Found a hide-covered altar of Uskayaw.
  3315 | D:5      | Found a blossoming altar of Fedhas.
  3316 | D:5      | Found a basalt altar of Yredelemnul.
  3316 | D:5      | Found a shimmering blue altar of Sif Muna.
  3561 | D:5      | Found a staircase to the Ecumenical Temple.
  3838 | D:5      | Found a snail-covered altar of Cheibriados.
  3844 | D:5      | Found an ancient bone altar of Kikubaaqudgha.
  3849 | D:5      | Found a shimmering altar of Xom.
  3914 | D:6      | Noticed Sigmund
  3939 | D:6      | Killed Sigmund
  3940 | D:6      | Noticed Jeremiah
  3940 | D:6      | Noticed Menkaure
  4051 | D:6      | XOM: 4-stop teleportation journey
  4182 | D:6      | Killed Menkaure
  4230 | D:6      | XOM: stat loss: -1 Str (18/19)
  4464 | D:6      | XOM: smoke on damage
  4610 | D:6      | Reached XP level 9. HP: 77/81 MP: 8/8
  4688 | D:6      | Found a sacrificial altar of Ru.
  4688 | D:6      | Found a glowing golden altar of the Shining One.
  4812 | D:6      | XOM: confuse monster(s)
  4825 | D:6      | XOM: potion effect (brilliance)
  4827 | D:6      | XOM: potion effect (heal wounds)
  4830 | D:6      | XOM: smoke on damage
  4832 | D:6      | Killed Jeremiah
  5086 | D:6      | XOM: silly message
  5492 | D:7      | XOM: summons 9 friendly demons
  5560 | D:7      | Noticed Maggie
  5562 | D:7      | XOM: silly message
  5568 | D:7      | XOM: cast spell 'Summon Hydra'
  5571 | D:7      | Killed Maggie
  5783 | D:7      | Found a hazy altar of Hepliaklqana.
  5783 | D:7      | XOM: scenery: summon butterflies
  5785 | D:7      | Found a faded altar of an unknown god.
  5845 | D:7      | XOM: scenery: create altars
  5957 | D:7      | Identified the +5 chain mail of Qiups {rC+ rN+}
  6187 | D:7      | Found Qeent's Jewellery Emporium.
  6290 | D:8      | XOM: polymorph howler monkey -> hobgoblin
  6293 | D:8      | XOM: summons friendly crimson imp
  6315 | D:8      | Reached XP level 10. HP: 37/91 MP: 9/9
  6419 | D:7      | XOM: give mutations
  6419 | D:7      | Gained mutation: You have sharp toenails. [Xom's grace]
  6419 | D:7      | Gained mutation: You expend magic power (3 MP) to
                  | strengthen your wands. [Xom's grace]
  6419 | D:7      | Gained mutation: Your system is resistant to poisons.
                  | (rPois) [Xom's grace]
  6419 | D:7      | Gained mutation: You have supernaturally acute eyesight.
                  | (SInv) [Xom's grace]
  6443 | D:8      | XOM: divination: detect creatures
  6496 | D:8      | XOM: 1-stop teleportation journey
  6698 | D:8      | XOM: cloud trail
  6884 | D:9      | XOM: confuse monster(s)
  6887 | D:9      | Noticed a two-headed ogre
  6893 | D:9      | XOM: blink monster(s)
  6898 | D:9      | Killed a two-headed ogre
  6899 | D:9      | Reached skill level 10 in Fighting
  6899 | D:9      | Reached skill level 10 in Axes
  7029 | D:9      | XOM: summons 1 hostile shadow creature
  7042 | D:9      | Found a transporter.
  7150 | D:9      | XOM: blink monster(s)
  7396 | D:9      | Found a staircase to the Orcish Mines.
  7421 | D:9      | XOM: noise
  7634 | D:9      | Reached skill level 10 in Armour
  7909 | D:10     | Entered Level 10 of the Dungeon
  7940 | D:10     | XOM: confusion
  7948 | D:10     | XOM: divination: detect items
  8094 | D:10     | XOM: enchant monster (bad)
  8104 | D:10     | XOM: noise
  8220 | D:10     | XOM: 4-stop teleportation journey
  8240 | D:10     | XOM: 1-stop teleportation journey
  8249 | D:10     | Reached XP level 11. HP: 96/101 MP: 10/10
  8279 | D:10     | Identified the +0 leather armour of Time Monsters {rC+
                  | rCorr}
  8708 | D:10     | XOM: god gift: viscous red potion {god gift}
  8722 | D:11     | Noticed a fire crab
  8779 | D:11     | Identified the +0 chain mail "Ceidghask" {rC+ rCorr SInv
                  | Stlth+}
  8844 | D:11     | Killed a fire crab
  8953 | D:11     | XOM: divination: detect items
  9002 | D:11     | Found a staircase to the Lair.
  9207 | D:11     | XOM: 4-stop teleportation journey
  9223 | D:11     | Reached skill level 10 in Dodging
  9230 | D:11     | Noticed a tengu warrior
  9285 | D:11     | XOM: give mutations
  9285 | D:11     | Gained mutation: Armour fits poorly on your strangely
                  | shaped body. [Xom's mischief]
  9285 | D:11     | Lost mutation: You are strong-willed. (Will+) [Xom's
                  | mischief]
  9285 | D:11     | Gained mutation: Your body sometimes deteriorates upon
                  | taking damage. [Xom's mischief]
  9329 | D:11     | XOM: summons 3 friendly demons
  9357 | D:11     | XOM: potion effect (brilliance)
  9375 | D:11     | XOM: enchant monster (bad)
  9379 | D:11     | XOM: chaos cloud
  9472 | D:11     | Noticed a wolf spider
  9719 | D:11     | XOM: swap monsters
  9769 | D:11     | Noticed a vault guard
  9781 | D:11     | Killed a vault guard
  9980 | D:10     | XOM: noise
 10034 | Orc:1    | Entered Level 1 of the Orcish Mines
 10042 | Orc:1    | Noticed a deep elf zephyrmancer
 10044 | Orc:1    | Noticed a deep elf zephyrmancer
 10046 | Orc:1    | Noticed a deep elf pyromancer
 10047 | Orc:1    | Noticed a deep elf pyromancer
 10055 | Orc:1    | XOM: chaos upgrade
 10059 | D:9      | XOM: confuse monster(s)
 10063 | D:9      | Killed a deep elf zephyrmancer
 10216 | Orc:1    | Noticed a deep elf pyromancer
 10221 | Orc:1    | Noticed a deep elf pyromancer
 10227 | D:9      | Incinerated by a deep elf pyromancer

Illustrated notes

Levels and vault maps discovered:
D:1:      tarquinn_simple_flora_water_b, layout_loops_ring, serial_bayou,
          serial_bayou_pond_e, serial_bayou_lagoon_b, serial_bayou_shore_a,
          serial_bayou_pond_d, serial_bayou_shore_b
D:2:      layout_basic, hellmonk_ecumenical_altar_crossroads, uniq_terence
D:3:      layout_basic, gup_sewer_entry_bubbles, serial_glass, glass_columns_c,
          glass_columns_b, feat_on_display, uniq_crazy_yiuf_cottage
D:4:      layout_rooms, makhleb_heckhound_becter
D:5:      nicolae_cairo_tiling_large_dashed, layout_loops_ring,
          mainiacjoe_overflow_alcove_3, minmay_overflow_temple_star_quad,
          kennysheep_cross_bottleneck
D:6:      layout_basic, gammafunk_temple_overflow_pools, uniq_sigmund,
          uniq_jeremiah, uniq_menkaure
D:7:      layout_basic, beargit_hepliaklqana_dungeon_heroes, serial_shops, shop,
          grunt_ministairs_3, uniq_maggie
D:8:      layout_rooms
D:9:      layout_loops_cross, david_orc_1_choice, nicolae_diode_basic
D:10:     layout_roguey
D:11:     lemuel_reptile_caves, layout_irregular_city, minmay_lair_entry_lava,
          enter_trove_5, grunt_tough_drop
Orc:1:    layout_caves, elves_outpost_lemuel

Skill      XL: |  1  2  3  4  5  6  7  8  9 10 11 |
---------------+----------------------------------+-----
Fighting       | 4 5 6 7 9 10 11 | 11.8
Axes           | 4 5 6 7 9 10 11 | 11.8
Armour         | 3 4 5 7 8 10 11 | 11.4
Dodging        | 2 3 4 5 6 7 9 10 | 10.3

Action                     |  1- 3 |  4- 6 |  7- 9 | 10-12 || total
---------------------------+-------+-------+-------+-------++-------
  Melee: Hand axe          |    51 |   147 |       |       ||   198
         Headbutt          |     7 |    23 |    48 |    67 ||   145
         Punch             |     1 |       |       |       ||     1
         War axe           |       |       |    63 |       ||    63
         Mace              |       |       |   214 |   331 ||   545
         Kick              |       |       |       |   122 ||   122
    Use: Potion            |       |     3 |       |     2 ||     5
         Scroll            |       |       |     5 |     6 ||    11
   Stab: Distracted        |       |       |     2 |       ||     2
         Confused          |       |       |     1 |     2 ||     3
 Armour: Leather armour    |    10 |       |       |       ||    10
         Ring mail         |    27 |     5 |       |       ||    32
         Chain mail        |       |    94 |   136 |   156 ||   386
  Dodge: Dodged            |    29 |    58 |    41 |    91 ||   219
  Block: Buckler           |     1 |    28 |       |       ||    29
         Tower shield      |       |       |   357 |   473 ||   830
         Reflection        |       |       |     8 |    12 ||    20
